 Dungeon Crawl Stone Soup version 0.30-a0-571-gdf30a72648 (webtiles) character file.

Game seed: 15672811167290376988

737 ryw the Slasher (level 8, -4/48 HPs)
             Began as a Human Gladiator on Dec 29, 2022.
             Collided with a rock wall (15 damage)
             ... caused by a wretched star
             ... on level 2 of the Abyss.
             The game lasted 00:09:57 (4420 turns).

ryw the Slasher (Human Gladiator)                   Turns: 4420, Time: 00:09:58

Health: -4/48      AC:  7    Str: 15      XL:     8   Next: 4%
Magic:  8/8        EV: 12    Int:  6 (8)  God:
Gold:   27         SH:  0    Dex: 17      Spells: 7/7 levels left

rFire   + . .      SeeInvis .    n - +3 scimitar (heavy)
rCold   + . .      Faith    .    (no shield)
rNeg    . . .      Spirit   .    q - +0 ring mail
rPois   .          Reflect  .    c - +0 helmet
rElec   .          Harm     .    p - scarf {rC+ rF+}
rCorr   .          Rampage  .    o - +0 pair of gloves
Will    +....                    (no boots)
Stlth   +                        (no amulet)
HPRegen 0.28/turn                A - ring of willpower
MPRegen 0.11/turn                (no ring)

@: no status effects
A: [deterioration 2], [frail 2]
a: no special abilities


You were on level 2 of the Abyss.
You visited 1 branch of the dungeon, and saw 5 of its levels.
You visited the Abyss 1 time.

You collected 228 gold pieces.
You spent 201 gold pieces at shops.

Inventory:

Hand Weapons
 n - a +3 heavy scimitar (weapon)
 w - a +1 heavy arbalest
Missiles
 d - 3 throwing nets
 e - a javelin
 m - 8 poisoned darts (quivered)
Armour
 c - a +0 helmet (worn)
 o - a +0 pair of gloves (worn)
 p - a scarf of resistance (worn)
 q - a +0 ring mail (worn)
Jewellery
 A - a ring of willpower (left hand)
Wands
 s - a wand of charming (7)
 x - a wand of digging (2)
Scrolls
 b - 2 scrolls of enchant weapon {unknown}
 f - 5 scrolls of teleportation {unknown}
 g - a scroll of torment {unknown}
 h - a scroll of fog {unknown}
 i - a scroll of summoning {unknown}
 j - a scroll of identify {unknown}
 l - a scroll of vulnerability {unknown}
 u - a scroll of enchant armour {unknown}
 v - a scroll of amnesia {unknown}
 y - a scroll of silence {unknown}
Potions
 k - 3 potions of curing
 t - a potion of flight {unknown}
 z - a potion of mutation {unknown}
 B - a potion of brilliance {unknown}


   Skills:
 + Level 4.0 Fighting
 + Level 7.0 Long Blades
 - Level 2.3 Throwing
 + Level 3.0 Armour
 - Level 3.2 Dodging


You had 7 spell levels left.
You didn't know any spells.
Your spell library contained the following spells:

 Spells                   Type           Power      Damage    Failure   Level
 Ensorcelled Hibernation  Hex/Ice        0%         N/A       82%         2
 Passwall                 Tmut/Erth      0%         N/A       82%         2
 Gell's Gravitas          Tloc           0%         N/A       96%         3
 Lesser Beckoning         Tloc           0%         N/A       96%         3
 Swiftness                Air            0%         N/A       96%         3
 Teleport Other           Tloc           0%         N/A       96%         3


Dungeon Overview and Level Annotations

Branches:
Dungeon (5/15)
 Temple: D:4-7

Altars:
Ashenzari
Elyvilon
Hepliaklqana
Trog
Xom

Shops:
D:4 *([([[


Innate Abilities, Weirdness & Mutations

[Your body often deteriorates upon taking damage.]
[You are very frail. (-20% HP)]


Message History

The orc hits you with a +2 hand axe of distortion.
You are cast into the Abyss!
This branch contains the abyssal rune of Zot.
You start resting.
A ynoxinul comes into view.
The ynoxinul bellows!
Found a gateway leading deeper into the Abyss.
The ynoxinul gestures.
There is a gateway leading deeper into the Abyss here.
The ynoxinul gestures.
You plunge deeper into the Abyss.
Found a chain mail and 18 gold pieces.
You slash the wretched star!
The wretched star is lightly damaged.
You barely miss the wretched star.
The wretched star is lightly damaged.
The small abomination misses you.
The wretched star glows turbulently.
The lance of force hits you!!
You are knocked back by the lance of force.
You slam into the rock wall!
The small abomination closely misses you.
The wretched star pulses with an eldritch light!
You feel frail. x2; You feel yourself wasting away.
You feel your body start to fall apart.
You slash the wretched star!
The wretched star is moderately damaged.
The small abomination closely misses you.
The small abomination barely misses you.
You barely miss the wretched star.
The wretched star is moderately damaged.
The small abomination hits you!
Your body deteriorates!
You feel dopey.
The wretched star glows turbulently.
The lance of force hits you!
* * * LOW HITPOINT WARNING * * *
Your body deteriorates!
You feel dopey.
You are knocked back by the lance of force.
You slam into the rock wall!
You die...

.§.
#§#
#.#
.~.
#.#
##.###
#*.x$#
#@#
###


You could see a wretched star and a small abomination.

Vanquished Creatures
  Duvessa (D:4)
  A black bear (D:4)
  An ogre (D:5)
  A phantom (D:5)
  A scorpion (D:4)
  Dowan (D:4)
  A hound (D:4)
  Ijyb (D:3)
  An iguana (D:2)
  An orc wizard (D:5)
  7 adders
  3 worms
  2 dart slugs (D:3)
  9 orcs
  8 endoplasms
  2 giant cockroaches
  5 goblins
  6 hobgoblins
  6 quokkas
  13 ball pythons
  4 bats
  5 frilled lizards
  8 kobolds
  6 rats
94 creatures vanquished.

Notes
Turn   | Place    | Note
-------+----------+-------------------------------------------
     0 | D:1      | ryw the Human Gladiator began the quest for the Orb.
     0 | D:1      | Reached XP level 1. HP: 16/16 MP: 1/1
   146 | D:1      | Reached XP level 2. HP: 22/22 MP: 2/2
   478 | D:1      | Reached XP level 3. HP: 27/27 MP: 3/3
  1071 | D:2      | HP: 1/27 [goblin/+0 dagger of electrocution (12)]
  1078 | D:2      | Reached XP level 4. HP: 24/33 MP: 4/4
  1213 | D:2      | Reached skill level 4 in Long Blades
  1423 | D:2      | Found a bloodstained altar of Trog.
  1683 | D:3      | Noticed Ijyb
  1958 | D:3      | Reached XP level 5. HP: 38/38 MP: 5/5
  2009 | D:3      | Killed Ijyb
  2010 | D:3      | Reached skill level 5 in Long Blades
  2779 | D:4      | Found Cerph's Commerce Corner.
  2794 | D:4      | Reached XP level 6. HP: 33/44 MP: 6/6
  2795 | D:4      | Reached skill level 6 in Long Blades
  2929 | D:4      | Found Ketexkiv's Weapon Emporium.
  2935 | D:4      | Bought a +0 falchion for 33 gold pieces
  2968 | D:4      | Found Teesevuo's Antique Armour Shoppe.
  3056 | D:4      | Noticed a black bear
  3070 | D:4      | Killed a black bear
  3071 | D:4      | Reached skill level 1 in Armour
  3142 | D:4      | Found a white marble altar of Elyvilon.
  3145 | D:4      | Noticed Duvessa
  3145 | D:4      | Noticed Dowan
  3179 | D:4      | Found Coing's Armour Boutique.
  3209 | D:4      | Found Odaun's Antique Weapon Boutique.
  3374 | D:4      | Reached XP level 7. HP: 39/51 MP: 7/7
  3576 | D:4      | Killed Duvessa
  3605 | D:4      | Killed Dowan
  3923 | D:4      | Found Afoq's Armour Shop.
  3956 | D:4      | Found a broken altar of Ashenzari.
  4007 | D:4      | Bought a glowing scimitar for 168 gold pieces
  4045 | D:5      | Entered Level 5 of the Dungeon
  4108 | D:5      | Found a hazy altar of Hepliaklqana.
  4109 | D:5      | Found a shimmering altar of Xom.
  4110 | D:5      | Noticed a spectral ugly thing
  4161 | D:5      | Reached skill level 7 in Long Blades
  4279 | D:5      | Reached XP level 8. HP: 46/60 MP: 8/8
  4382 | Abyss:1  | Cast into level 1 of the Abyss (orc)
  4405 | Abyss:1  | Noticed a ynoxinul
  4416 | Abyss:2  | Noticed a wretched star
  4420 | Abyss:2  | Collided with a rock wall

Illustrated notes

Levels and vault maps discovered:
D:1:      minmay_arrival_glassed_features, layout_loops_ring,
          grunt_decor_one_mirror, serial_bayou_pond_e
D:2:      layout_basic, basic_altar, minmay_misc_feat_chi
D:3:      layout_loops_ring, saegor_snake_ambush, uniq_ijyb
D:4:      layout_basic, elyvilon_altar_3, mainiacjoe_overflow_brackets,
          serial_shops, nicolae_square_shop, kennysheep_mini_moat,
          shop_fountains, shop_statue, shop, nicolae_alphabet_shops,
          uniq_duvessa
D:5:      layout_basic, regret_index_temple_of_mockery, serial_shops,
          nicolae_inconvenience_store, uniq_menkaure
Abyss:2:  base: D:2, hangedman_cross_veins

Skill      XL: |  1  2  3  4  5  6  7  8 |
---------------+-------------------------+-----
Long Blades    | 4 5 6 7 |  7.0
Armour         | 1 2 3 |  3.0
Fighting       | 3 4 |  4.0
Throwing       | |  2.3
Dodging        | |  3.2

Action                   |  1- 3 |  4- 6 |  7- 9 || total
-------------------------+-------+-------+-------++-------
Melee: Long sword        |    77 |   164 |    41 ||   282
       Falchion          |       |     6 |       ||     6
       Scimitar          |       |       |    24 ||    24
       Punch             |       |       |     1 ||     1
Throw: Dart              |       |     6 |     6 ||    12
  Use: Potion            |     2 |     1 |     2 ||     5
 Stab: Sleeping          |     1 |     1 |       ||     2
Armor: Leather armour    |    27 |    22 |       ||    49
       Ring mail         |       |    45 |    11 ||    56
       Skin              |       |       |    17 ||    17
Dodge: Dodged            |    51 |   114 |    21 ||   186

Table legend: (Time is in decaauts)
 A = Elapsed time spent in this place.
 B = Non-inter-level travel time spent in this place.
 C = Inter-level travel time spent in this place.
 D = Time resting spent in this place.
 E = Time spent auto-exploring this place.
 F = Levels seen in this place.
 G = Mean time per level.
                   A        B        C        D        E       F      G
               +--------+--------+--------+--------+--------+-----+--------+
         Total |   4501 |   4400 |    101 |    777 |   2637 |   7 |  643.0 |
       Dungeon |   4462 |   4361 |    101 |    759 |   2637 |   5 |  892.4 |
         Abyss |     39 |     39 |      0 |     18 |      0 |   2 |   19.5 |
               +--------+--------+--------+--------+--------+-----+--------+

Top non-repeatable levels by time:
     D:4: 1332 daAuts
     D:2: 1157 daAuts
     D:3: 887 daAuts
     D:1: 737 daAuts
     D:5: 347 daAuts
 Abyss:1: 33 daAuts
 Abyss:2: 5 daAuts
